 Dungeon Crawl Stone Soup version 0.30.1-3-gfc49f6343a (webtiles) character file.

Game seed: 16195899861210303745

24 Destapler the Trooper (level 2, -2/22 HPs)
             Began as a Demonspawn Wanderer on July 30, 2023.
             Slain by a worm (5 damage)
             ... on level 1 of the Dungeon.
             The game lasted 00:01:06 (664 turns).

Destapler the Trooper (Demonspawn Wanderer)          Turns: 664, Time: 00:01:06

Health: -2/22      AC:  8    Str: 12    XL:     2   Next: 79%
Magic:  3/3        EV:  6    Int: 11    God:
Gold:   36         SH:  0    Dex: 14    Spells: 3/3 levels left

rFire   . . .        a - +0 dagger
rCold   . . .        (no shield)
rNeg    . . .        e - +0 chain mail
rPois   .            (no helmet)
rElec   .            (no cloak)
rCorr   .            (no gloves)
SInv    .            (no boots)
Will    .....        (no amulet) Stlth
                     (no ring)
HPRegen 0.23/turn    (no ring)
MPRegen 0.08/turn

%: no passive effects
@: no status effects
A: demonic magic 1
a: no special abilities


You were on level 1 of the Dungeon.
You visited 1 branch of the dungeon, and saw 1 of its levels.

You collected 36 gold pieces.

Inventory:

Hand Weapons
 a - a +0 dagger (weapon)
Armour
 e - a +0 chain mail (worn)
Scrolls
 c - a scroll of teleportation
 d - a scroll of blinking
 f - a scroll of vulnerability {unknown}
 g - a scroll of identify {unknown}
Potions
 b - a potion of lignification


   Skills:
 + Level 2.2 Fighting
 + Level 2.0 Armour
 + Level 1.2 Dodging
 + Level 1.3 Stealth
 + Level 2.0 Unarmed Combat
 + Level 1.2 Spellcasting
 + Level 1.9 Invocations


You had 3 spell levels left.
You didn't know any spells.
Your spell library was empty.

Dungeon Overview and Level Annotations

Branches:
Dungeon (1/15)

Altars:


Innate Abilities, Weirdness & Mutations

Spells you cast may paralyse adjacent enemies.


Message History

You hit the worm but do no damage. The worm bites you but does no damage.
You hit the worm.
The worm is lightly wounded.
You hit the worm but do no damage.
The worm is lightly wounded.
The worm bites you but does no damage.
You hit the worm but do no damage. You barely miss the worm.
The worm closely misses you.
You hit the worm but do no damage. The worm bites you but does no damage.
You hit the worm but do no damage. You hit the worm but do no damage.
The worm bites you!
You hit the worm.
The worm is lightly wounded.
You hit the worm.
The worm is moderately wounded.
The worm bites you.
* * * LOW HITPOINT WARNING * * *
You hit the worm.
The worm is moderately wounded.
The worm bites you!
* * * LOW HITPOINT WARNING * * *
You are too injured to fight recklessly!
You are too injured to fight recklessly!
You are too injured to fight recklessly!
You are too injured to fight recklessly!
You are too injured to fight recklessly!
You are too injured to fight recklessly!
You are too injured to fight recklessly!
You are too injured to fight recklessly!
You hit the worm.
The worm is moderately wounded.
You hit the worm but do no damage.
The worm is moderately wounded.
The worm completely misses you.
You barely miss the worm.
The worm is moderately wounded.
You hit the worm.
The worm is moderately wounded.
The worm bites you.
You die...

#############
............# #
........... #
......... # ..
#...... # ... ..... #
....##.w#+# .
$......@#.#
###############..#.#
.#.#.≈..# §.§≈.....##
#.....#.##.§§>...#..#
#..####.##§§§≈...#.>#
.###.#.#..#####..#..#
#≈..#.##..#####..#..#
##.###....##.##..#..#
#.####....#.#.#..#..#


You could see a worm.

Vanquished Creatures
  A dart slug (D:1)
  2 ball pythons (D:1)
  3 endoplasms (D:1)
  3 giant cockroaches (D:1)
  A hobgoblin (D:1)
  4 kobolds (D:1)
  A quokka (D:1)
  2 bats (D:1)
  2 rats (D:1)
19 creatures vanquished.

Notes
Turn   | Place    | Note
-------+----------+-------------------------------------------
     0 | D:1      | Destapler the Demonspawn Wanderer began the quest for the
                  | Orb.
     0 | D:1      | Destapler set off with the following items: a +0 dagger, a
                  | potion of lignification, a scroll of teleportation, a
                  | scroll of blinking, a +0 chain mail.
     0 | D:1      | Reached XP level 1. HP: 16/16 MP: 2/2
   207 | D:1      | Gained mutation: Spells you cast may paralyse adjacent
                  | enemies. [demonic ancestry]
   207 | D:1      | Reached XP level 2. HP: 21/22 MP: 3/3
   664 | D:1      | Slain by a worm

Illustrated notes

Levels and vault maps discovered:
D:1:      dpeg_arrival_brainrot, layout_basic

Skill      XL: |  1  2 |
---------------+-------+-----
Unarmed Combat | 2 |  2.0
Armour         | 2 |  2.0
Fighting       | |  2.2
Dodging        | |  1.2
Stealth        | |  1.3
Spellcasting   | |  1.2
Invocations    | |  1.9

Action                     || total
---------------------------++-------
  Melee: Dagger            ||   122
         Punch             ||     2
 Armour: Chain mail        ||    67
  Dodge: Dodged            ||    38
